 Dungeon Crawl Stone Soup version 0.31-a0-667-g39726597b9 (webtiles) character file.

Game seed: 12013266965788320512

1246 jlumianski the Chopper (level 8, 0/28 HPs)
             Began as a Demonspawn Fighter on Sept 3, 2023.
             Slain by a vampire mosquito (7 damage)
             ... on level 6 of the Dungeon.
             The game lasted 00:23:44 (5230 turns).

jlumianski the Chopper (Demonspawn Fighter)         Turns: 5230, Time: 00:23:45

Health: 0/28       AC:  8    Str: 21    XL:     8   Next: 25%
Magic:  8/8        EV: 10    Int: 11    God:
Gold:   301        SH:  0    Dex: 14    Spells: 7/7 levels left

rFire   . . .        a - melded +1 war axe
rCold   . . .        c - melded +0 buckler
rNeg    . . .        E - melded +0 chain mail
rPois   .            (helmet unavailable)
rElec   .            (cloak currently unavailable)
rCorr   .            n - melded +0 pair of gloves
SInv    .            (boots currently unavailable)
Will    .....        (no amulet)
Stlth   +            t - +4 ring of protection
HPRegen 0.24/turn    p - ring of flight
MPRegen 0.11/turn

%: no passive effects
@: snake-form, flying
A: constrict, reduced hp, large, (antennae 3), rugged brown scales 1, (spiny 2),
screaming 1, (cold vulnerability 1), noise suppression
a: Begin Untransformation


You were on level 6 of the Dungeon.
You were an enormous anaconda.
You visited 1 branch of the dungeon, and saw 7 of its levels.
You also visited: Ossuary.

You collected 301 gold pieces.

Inventory:

Hand Weapons
 a - a +1 war axe (melded)
 F - the +2 spear of Valiance {drain, rElec rC+ Str-2}
   (You found it on level 5 of the Dungeon)

   Str-2:     It affects your strength (-2).
   rC+:       It protects you from cold.
   rElec:     It insulates you from electricity.
Missiles
 A - 49 stones
 D - 2 boomerangs
 G - 9 poisoned darts (quivered)
Armour
 b - a +0 scale mail
 c - a +0 buckler (melded)
 n - a +0 pair of gloves (melded)
 v - a +0 helmet
 C - a +0 pair of boots
 E - a +0 chain mail (melded)
Magical Staves
 i - a staff of poison
Jewellery
 o - a ring of positive energy
 p - a ring of flight (right hand)
 t - a +4 ring of protection (left hand)
Talismans
 e - a beast talisman
 H - a serpent talisman (active)
Wands
 J - a wand of roots (9)
Scrolls
 d - a scroll of revelation
 m - 2 scrolls of teleportation
 s - 3 scrolls of fear
 w - a scroll of brand weapon {unknown}
 y - a scroll of enchant weapon
 I - a scroll of enchant armour {unknown}
Potions
 f - 3 potions of curing
 g - 2 potions of enlightenment
 h - 4 potions of degeneration
 j - a potion of heal wounds
 k - a potion of berserk rage
 l - a potion of attraction
 q - a potion of resistance
 r - a potion of magic
 u - a potion of cancellation
 x - a potion of ambrosia {unknown}
 z - a potion of invisibility {unknown}
 B - a potion of haste {unknown}


   Skills:
 + Level 5.4 Fighting
 + Level 5.9 Axes
 - Level 2.8 Armour
 + Level 2.9 Dodging
 + Level 0.2 Stealth
 - Level 2.8 Shields
 - Level 1.1 Unarmed Combat
 * Level 3.7 Shapeshifting


You had 7 spell levels left.
You didn't know any spells.
Your spell library contained the following spells:

 Spells                   Type           Power      Damage    Failure   Level
 Poisonous Vapours        Pois/Air       0%         N/A       47%         2
 Hailstorm                Conj/Ice       0%         3d3       71%         3
 Mephitic Cloud           Conj/Pois/Air  0%         N/A       71%         3
 Summon Ice Beast         Ice/Summ       0%         N/A       98%         4
 Freezing Cloud           Conj/Ice/Air   0%         6-21      100%        5
 Simulacrum               Ice/Necr       0%         N/A       100%        6


Dungeon Overview and Level Annotations

Branches:
Dungeon (7/15)            Ossuary (visited)
 Temple: D:4-7

Altars:
Vehumet
Xom

Shops:
D:1 !


Innate Abilities, Weirdness & Mutations

You are an enormous anaconda.
You have a powerful constriction melee attack.
Your maximum health is decreased, since you lack skill for your form.
Your armour is entirely melded.
You are incapable of wielding weapons or throwing items.
((You have a pair of large antennae on your head. (SInv)))
(You are partially covered in rugged brown scales. (AC +1, +3% HP))
((You are mostly covered in sharp spines.))
You occasionally shout uncontrollably at your foes.
((You are vulnerable to cold. (rC-)))
You passively dampen the noise of your surroundings.


Message History

Unknown command.
You see here a bullfrog corpse.
You start resting.
HP restored.
There is a stone staircase leading down here.
You fly downwards.
There is a stone staircase leading up here.
You fly upwards.
There is a stone staircase leading down here.
Found a morningstar.
A sky beast, a vampire mosquito and a centaur come into view.
The vampire mosquito buzzes angrily.
You hear a shout! x2
An orc comes into view. It is wielding a +0 flail.
An orc comes into view. It is wielding a +0 falchion.
The centaur shouts!
You hear a shout!
The orc throws a boomerang.
The boomerang hits you.
The vampire mosquito attacks as it pursues you!
The vampire mosquito bites you.
The vampire mosquito draws strength from your injuries!
The centaur wields a +0 shortbow.
The centaur shoots an arrow.
The arrow hits you! The vampire mosquito barely misses you.
You see here an iguana corpse.
The vampire mosquito barely misses you.
The vampire mosquito closely misses you.
You lash the vampire mosquito! You grab the vampire mosquito.
The vampire mosquito is moderately damaged.
You constrict the vampire mosquito. The vampire mosquito bites you.
The vampire mosquito draws strength from your injuries!
The vampire mosquito barely misses you.
You hit the vampire mosquito but do no damage.
The vampire mosquito is lightly damaged.
You constrict the vampire mosquito. The vampire mosquito bites you.
* * * LOW HITPOINT WARNING * * *
The vampire mosquito draws strength from your injuries!
A troll comes into view.
You lash the vampire mosquito!
The vampire mosquito is severely damaged.
You constrict the vampire mosquito. The vampire mosquito bites you!
You die...

#...#....#
##########.#
........# ####.#
..#...#..# #....#
#...#...# ###.####
#....# #...#
#c..#...#### ###.###
..#...#.T.Y.####...#
.......o##.o##..###
...#.#.#.###.cyS##
.. #........>†### .
###.#.###### #.#.# .
#.# ## #.#


You could see a troll, a vampire mosquito, a sky beast, a centaur and an orc.

Vanquished Creatures
  Grinder (D:5)
  An ice beast (D:5)
  A black bear (D:5)
  An ogre (D:5)
  A kobold brigand (D:5)
  A bullfrog (D:6)
  A scorpion (D:4)
  2 hounds (D:5)
  2 orc wizards
  5 iguanas
  11 mummies (Ossuary)
  Robin (D:3)
  5 adders
  A gnoll (D:1)
  2 white imps
  3 dart slugs
  14 orcs
  7 ball pythons
  2 bats (D:1)
  4 endoplasms
  A giant cockroach (D:2)
  16 hobgoblins
  6 jackals
  3 quokkas
  2 frilled lizards (D:1)
  3 gnoll skeletons (Ossuary)
  10 goblins
  2 goblin skeletons (Ossuary)
  13 kobolds
  A kobold skeleton (Ossuary)
  2 orc skeletons (Ossuary)
  3 rats
  11 rat skeletons (Ossuary)
139 creatures vanquished.

Notes
Turn   | Place    | Note
-------+----------+-------------------------------------------
     0 | D:1      | jlumianski the Demonspawn Fighter began the quest for the
                  | Orb.
     0 | D:1      | Reached XP level 1. HP: 18/18 MP: 1/1
   231 | D:1      | Gained mutation: You have a pair of small antennae on your
                  | head. [demonic ancestry]
   231 | D:1      | Reached XP level 2. HP: 22/24 MP: 2/2
   244 | D:1      | Found Wethrou's Distillery.
   610 | D:1      | Gained mutation: You have a pair of antennae on your head.
                  | [demonic ancestry]
   610 | D:1      | Reached XP level 3. HP: 27/30 MP: 3/3
  1005 | D:2      | Reached skill level 1 in Unarmed Combat
  1562 | D:3      | Noticed Robin
  1675 | D:2      | Gained mutation: You are partially covered in rugged brown
                  | scales. (AC +1, +3% HP) [demonic ancestry]
  1675 | D:2      | Reached XP level 4. HP: 30/38 MP: 4/4
  1800 | D:3      | Killed Robin
  2040 | D:5      | Entered Level 5 of the Dungeon
  2040 | D:5      | Noticed Grinder
  2044 | D:4      | Noticed a scorpion
  2061 | D:4      | Killed a scorpion
  2062 | D:4      | Reached skill level 1 in Shapeshifting
  2062 | D:4      | Reached XP level 5. HP: 29/44 MP: 5/5
  2139 | D:4      | Found a sand-covered staircase.
  2151 | Ossuary  | Entered an ossuary
  2729 | Ossuary  | Gained mutation: You have a pair of large antennae on your
                  | head. (SInv) [demonic ancestry]
  2729 | Ossuary  | Reached XP level 6. HP: 50/50 MP: 6/6
  3001 | Ossuary  | Gained mutation: You are robust. (+10% HP) [potion of
                  | mutation]
  3001 | Ossuary  | Gained mutation: Potions are less effective at restoring
                  | your health. [potion of mutation]
  3001 | Ossuary  | Gained mutation: Your movements are slightly less
                  | encumbered by armour. (ER -2) [potion of mutation]
  3002 | Ossuary  | Lost mutation: Your movements are slightly less encumbered
                  | by armour. (ER -2) [potion of mutation]
  3002 | Ossuary  | Lost mutation: Potions are less effective at restoring your
                  | health. [potion of mutation]
  3002 | Ossuary  | Lost mutation: You are robust. (+10% HP) [potion of
                  | mutation]
  3002 | Ossuary  | Gained mutation: You have hidden genetic defects. [potion
                  | of mutation]
  3002 | Ossuary  | Gained mutation: Your spells are a little harder to cast,
                  | but a little more powerful. [potion of mutation]
  3002 | Ossuary  | Gained mutation: You passively dampen the noise of your
                  | surroundings. [potion of mutation]
  3159 | D:3      | Found a radiant altar of Vehumet.
  3343 | D:3      | Found a shimmering altar of Xom.
  3343 | D:3      | Found a burning altar of Makhleb.
  3345 | D:3      | Found a shimmering blue altar of Sif Muna.
  3345 | D:3      | Found a burning altar of Makhleb.
  3481 | D:4      | Gained mutation: You have terrible hidden genetic defects.
                  | [hidden defects]
  3668 | D:4      | Gained mutation: You are vulnerable to cold. (rC-) [hidden
                  | defects]
  3668 | D:4      | Lost mutation: You have terrible hidden genetic defects.
                  | [hidden defects expressed]
  4011 | D:5      | Gained mutation: You are partially covered in sharp spines.
                  | [demonic ancestry]
  4011 | D:5      | Reached XP level 7. HP: 45/56 MP: 7/7
  4018 | D:5      | Lost mutation: Your spells are a little harder to cast, but
                  | a little more powerful. [hidden defects]
  4190 | D:5      | Gained mutation: You occasionally shout uncontrollably at
                  | your foes. [hidden defects]
  4190 | D:5      | Lost mutation: You have hidden genetic defects. [hidden
                  | defects expressed]
  4350 | D:5      | Reached skill level 5 in Fighting
  4396 | D:5      | Paralysed by Grinder for 4 turns
  4406 | D:5      | Killed Grinder
  4407 | D:5      | Reached skill level 5 in Axes
  4407 | D:5      | Gained mutation: You are mostly covered in sharp spines.
                  | [demonic ancestry]
  4407 | D:5      | Reached XP level 8. HP: 16/63 MP: 8/8
  4603 | D:5      | Identified the +8 short sword of Foihuuc {flame, rN+ MP-9
                  | Dex+2}
  5106 | D:5      | Identified the +2 spear of Valiance {drain, rElec rC+
                  | Str-2}
  5230 | D:6      | Noticed a troll
  5230 | D:6      | Slain by a vampire mosquito

Illustrated notes

Levels and vault maps discovered:
D:1:      lightli_arrival_statue_moat, layout_loops_ring, serial_shops,
          nicolae_shop_pleasant_corner_grove
D:2:      layout_loops_ring, st_stairs_12, minmay_misc_feat_plants
D:3:      layout_basic, nicolae_vehumet_altar_sigil, doesnt_xom_only_xom,
          uniq_robin
D:4:      layout_loops_ring, nicolae_ossuary_entry_ruins
D:5:      layout_basic, uniq_grinder
D:6:      cheibrodos_fzero, layout_basic, old_standard_altar,
          grunt_ministairs_1, uniq_jeremiah, uniq_eustachio
D:7:      layout_cave_pools, minmay_temple_entry_stoned_glass

Skill      XL: |  1  2  3  4  5  6  7 |
---------------+----------------------+-----
Unarmed Combat | 1 |  1.1
Fighting       | 4 5 |  5.4
Axes           | 2 3 4 5 |  5.9
Shapeshifting  | 1 2 3 |  3.7
Dodging        | 2 |  2.9
Armour         | |  2.8
Stealth        | |  0.2
Shields        | |  2.8

Action                     |  1- 3 |  4- 6 |  7- 9 || total
---------------------------+-------+-------+-------++-------
  Melee: War axe           |   106 |   211 |    60 ||   377
         Unarmed           |       |       |    18 ||    18
         Constrict         |       |       |     5 ||     5
  Throw: Dart              |       |       |     1 ||     1
    Use: Scroll            |     1 |     7 |     3 ||    11
         Potion            |       |     6 |       ||     6
   Stab: Sleeping          |       |       |     1 ||     1
 Armour: Scale mail        |   107 |   102 |       ||   209
         Chain mail        |       |    24 |    56 ||    80
         Skin              |       |       |    19 ||    19
  Dodge: Dodged            |    56 |    67 |    34 ||   157
  Block: Buckler           |    27 |    41 |    11 ||    79
   Form: Beast             |     1 |       |       ||     1
         Anaconda          |       |       |     1 ||     1

Table legend: (Time is in decaauts)
 A = Elapsed time spent in this place.
 B = Non-inter-level travel time spent in this place.
 C = Inter-level travel time spent in this place.
 D = Time resting spent in this place.
 E = Time spent auto-exploring this place.
 F = Levels seen in this place.
 G = Mean time per level.
                   A        B        C        D        E       F      G
               +--------+--------+--------+--------+--------+-----+--------+
         Total |   5401 |   5324 |     77 |    512 |   2726 |   8 |  675.1 |
       Dungeon |   4476 |   4399 |     77 |    212 |   2500 |   7 |  639.4 |
       Ossuary |    924 |    924 |      0 |    300 |    226 |   1 |  924.0 |
               +--------+--------+--------+--------+--------+-----+--------+

Top non-repeatable levels by time:
     D:5: 1142 daAuts
     D:4: 945 daAuts
 Ossuary: 924 daAuts
     D:2: 855 daAuts
     D:1: 725 daAuts
     D:3: 646 daAuts
     D:6: 158 daAuts
     D:7: 1 daAuts
